 Dungeon Crawl Stone Soup version 0.31-a0-865-g3d5d91748a (webtiles) character file.

Game seed: 7555580008505806592

481 Joey1 the Slasher (level 6, -2/56 HPs)
             Began as a Minotaur Fighter on Oct 10, 2023.
             Slain by a lemure (5 damage)
             ... led by Pikel
             ... on level 5 of the Dungeon.
             The game lasted 00:06:49 (2982 turns).

Joey1 the Slasher (Minotaur Fighter)                Turns: 2982, Time: 00:06:50

Health: -2/56      AC: 10    Str: 20    XL:     6   Next: 87%
Magic:  5/5        EV:  9    Int:  5    God:
Gold:   162        SH:  5    Dex: 12    Spells: 5/5 levels left

rFire   + . .        a - +0 long sword
rCold   . . .        c - +0 buckler
rNeg    . . .        b - +0 scale mail
rPois   .            j - +2 hat
rElec   .            (no cloak)
rCorr   .            i - +0 pair of gloves
SInv    .            (no boots)
Will    .....        (no amulet) Stlth
                     k - ring of protection from fire
HPRegen 0.29/turn    (no ring)
MPRegen 0.09/turn

%: no passive effects
@: no status effects
A: horns 2, retaliatory headbutt
a: no special abilities


You were on level 5 of the Dungeon.
You visited 1 branch of the dungeon, and saw 5 of its levels.

You collected 162 gold pieces.

Inventory:

Hand Weapons
 a - a +0 long sword (weapon)
Missiles
 n - 2 throwing nets
Armour
 b - a +0 scale mail (worn)
 c - a +0 buckler (worn)
 i - a +0 pair of gloves (worn)
 j - a +2 hat (worn)
Jewellery
 k - a ring of protection from fire (left hand)
 v - a ring of wizardry
Wands
 y - a wand of iceblast (9)
Scrolls
 e - 2 scrolls of fog {unknown}
 f - a scroll of vulnerability {unknown}
 g - 5 scrolls of identify {unknown}
 l - a scroll of butterflies {unknown}
 m - 4 scrolls of teleportation {unknown}
 r - a scroll of immolation {unknown}
 t - 2 scrolls of blinking {unknown}
 u - a scroll of enchant weapon {unknown}
 w - a scroll of amnesia {unknown}
Potions
 d - a potion of might
 h - 2 potions of heal wounds {unknown}
 o - a potion of degeneration {unknown}
 p - a potion of invisibility {unknown}
 q - a potion of berserk rage {unknown}
 s - a potion of haste {unknown}
 x - a potion of lignification {unknown}
 z - a potion of attraction {unknown}


   Skills:
 - Level 5.0 Fighting
 * Level 6.7 Long Blades
 - Level 5.0 Armour
 - Level 5.0 Shields


You had 5 spell levels left.
You didn't know any spells.
Your spell library contained the following spells:

 Spells                   Type           Power      Damage    Failure   Level
 Blink                    Tloc           0%         N/A       95%         2
 Lesser Beckoning         Tloc           0%         N/A       95%         2
 Momentum Strike          Conj/Tloc      0%         3d8       95%         2


Dungeon Overview and Level Annotations

Branches:
Dungeon (5/15)
 Temple: D:4-7

Altars:
Zin

Shops:
D:1 *

Annotations:
D:3 2 transporters, gelatine's ghost, weakling DsGl
D:5 Pikel


Innate Abilities, Weirdness & Mutations

You have a pair of horns on your head.
You reflexively headbutt those who attack you in melee.


Message History

Found a stone staircase leading down.
You now have 162 gold pieces (gained 8). 2 lemures come into view.
The lemure shouts! x2; You hear a shout!
You hear an angry hiss.
Pikel, Merchant of Souls comes into view.
He is wielding a +1 whip of electrocution.
A lemure comes into view.
A lemure comes into view.
The lemure shouts!
A jackal comes into view.
The lemure barely misses you. The lemure hits you but does no damage.
An adder comes into view.
The jackal barks!
You hit the lemure.
The lemure is lightly wounded.
You block the lemure's attack.
An iguana comes into view.
A jackal comes into view.
The lemure hits you but does no damage.
The iguana moves out of view.
You closely miss Pikel.
The jackal barks!
Pikel hits you with a +1 whip of electrocution.
You are electrocuted!
The lemure hits you but does no damage.
You barely miss Pikel.
Pikel hits you with a +1 whip of electrocution.
The lemure barely misses you. The lemure hits you but does no damage.
You closely miss Pikel. Pikel barely misses you.
The lemure hits you but does no damage. The lemure hits you!
You barely miss Pikel. You block Pikel's attack. The lemure hits you.
The lemure barely misses you.
You barely miss Pikel.
Pikel hits you with a +1 whip of electrocution.
You are electrocuted!
* * * LOW HITPOINT WARNING * * *
The lemure completely misses you. The lemure closely misses you.
Pikel says, "You'll feel the lick of my whip!"
Pikel attacks as he pursues you!
Pikel hits you with a +1 whip of electrocution!
* * * LOW HITPOINT WARNING * * *
The lemure hits you but does no damage. The lemure attacks as it pursues you!
The lemure hits you.
You die...

l....# #.... #l...#
#.... #h..# ####....#
##hS# ........#
##.5.###.. ........#
#55.?.....
#......###.K......#
#......#.5........#
#.......@.######.$#
#.......### ..#
##.......## .#
#.........##
###..........## .###
#.............### ....
#......####.....####...
#####..# ###........#
##.## ##......##


You could see Pikel, 4 lemures, an adder and 2 jackals.

Vanquished Creatures
  A kobold brigand (D:5)
  A scorpion (D:5)
  A howler monkey (D:4)
  3 jellies (D:4)
  Ijyb (D:5)
  Jessica (D:2)
  4 gnolls
  4 adders
  A white imp (D:4)
  An ufetubus (D:5)
  A worm (D:2)
  7 orcs
  3 bats (D:1)
  5 endoplasms
  3 giant cockroaches (D:1)
  6 hobgoblins
  7 jackals
  3 quokkas
  2 ball pythons (D:1)
  5 frilled lizards
  6 goblins
  8 kobolds
  7 rats
81 creatures vanquished.

Notes
Turn   | Place    | Note
-------+----------+-------------------------------------------
     0 | D:1      | Joey1 the Minotaur Fighter began the quest for the Orb.
     0 | D:1      | Reached XP level 1. HP: 19/19 MP: 0/0
   128 | D:1      | Found Pevvathra's General Store.
   219 | D:1      | Reached XP level 2. HP: 27/27 MP: 1/1
   310 | D:1      | Reached skill level 3 in Long Blades
   713 | D:1      | Reached XP level 3. HP: 18/33 MP: 2/2
  1086 | D:2      | Identified the +3 robe "Neghun Bufih" {Int+7 Dex+3 Slay-4}
  1113 | D:2      | Noticed Jessica
  1121 | D:2      | Killed Jessica
  1122 | D:2      | Reached skill level 4 in Long Blades
  1122 | D:2      | Reached XP level 4. HP: 29/40 MP: 3/3
  1360 | D:2      | Found a glowing silver altar of Zin.
  1548 | D:3      | Found a transporter.
  1552 | D:3      | Noticed gelatine's ghost (weakling DsGl)
  1558 | D:3      | Noticed an ice beast
  1565 | D:3      | Found a transporter.
  1975 | D:4      | Reached XP level 5. HP: 39/47 MP: 4/4
  2344 | D:4      | Reached skill level 5 in Long Blades
  2468 | D:4      | Reached XP level 6. HP: 50/55 MP: 5/5
  2732 | D:5      | Entered Level 5 of the Dungeon
  2739 | D:5      | Reached skill level 5 in Fighting
  2739 | D:5      | Reached skill level 5 in Armour
  2739 | D:5      | Reached skill level 5 in Shields
  2762 | D:5      | Noticed Ijyb
  2770 | D:5      | Killed Ijyb
  2771 | D:5      | Reached skill level 6 in Long Blades
  2969 | D:5      | Noticed Pikel
  2978 | D:5      | HP: 2/56 [Pikel/+1 whip of electrocution (9)]
  2982 | D:5      | Slain by a lemure

Illustrated notes

Levels and vault maps discovered:
D:1:      saegor_arrival_under_anarchy, layout_loops_ring, serial_shops, shop
D:2:      layout_basic, basic_altar, kennysheep_jessica_study
D:3:      layout_loops_ring, gammafunk_ghost_arena
D:4:      layout_basic
D:5:      layout_layer_cave, lightli_minifort, uniq_crazy_yiuf_cottage,
          uniq_ijyb, uniq_pikel

Skill      XL: |  1  2  3  4  5  6 |
---------------+-------------------+-----
Long Blades    | 3 4 5 6 |  6.7
Fighting       | 4 5 |  5.0
Armour         | 4 5 |  5.0
Shields        | 4 5 |  5.0

Action                     |  1- 3 |  4- 6 || total
---------------------------+-------+-------++-------
  Melee: Long sword        |    80 |   138 ||   218
         Headbutt          |    13 |    16 ||    29
 Armour: Scale mail        |    44 |   109 ||   153
  Dodge: Dodged            |    46 |    75 ||   121
  Block: Buckler           |    21 |    37 ||    58

Table legend: (Time is in decaauts)
 A = Elapsed time spent in this place.
 B = Non-inter-level travel time spent in this place.
 C = Inter-level travel time spent in this place.
 D = Time resting spent in this place.
 E = Time spent auto-exploring this place.
 F = Levels seen in this place.
 G = Mean time per level.
                   A        B        C        D        E       F      G
               +--------+--------+--------+--------+--------+-----+--------+
         Total |   3029 |   2896 |    133 |    125 |   2239 |   5 |  605.8 |
       Dungeon |   3029 |   2896 |    133 |    125 |   2239 |   5 |  605.8 |
               +--------+--------+--------+--------+--------+-----+--------+

Top non-repeatable levels by time:
     D:1: 849 daAuts
     D:4: 785 daAuts
     D:2: 597 daAuts
     D:3: 543 daAuts
     D:5: 254 daAuts
